 Dungeon Crawl Stone Soup version 0.29.1-2-gbd0b4ee654 (webtiles) character file.

Game seed: 17083346486227978911

1162 Icepheonix32 the Covered (level 7, 0/52 HPs)
             Began as a Demigod Transmuter on Nov 9, 2022.
             Slain by an orc warrior
             ... wielding a +1 scimitar of electrocution
              (16 damage)
             ... on level 6 of the Dungeon.
             The game lasted 00:15:13 (6279 turns).

Icepheonix32 the Covered (Demigod Transmuter)       Turns: 6279, Time: 00:15:14

Health: 0/52       AC:  2    Str: 15    XL:     7   Next: 95%
Magic:  0/13       EV: 23    Int: 19    God:
Gold:   357        SH:  0    Dex: 25    Spells: 5/11 levels left

rFire   . . .      SeeInvis .     - Unarmed
rCold   . . .      Faith    .   (shield currently unavailable)
rNeg    . . .      Spirit   +   (body armour currently unavailable)
rPois   x          Reflect  .   (helmet currently unavailable)
rElec   .          Harm     .   (cloak currently unavailable)
rCorr   .          Rampage  .   (gloves currently unavailable)
Will    .....                   (boots currently unavailable)
Stlth   ++........              p - amulet of guardian spirit
HPRegen 0.17/turn               i - +6 ring of dexterity
MPRegen 0.13/turn               (no ring)

@: spider-form, wereblooded (expiring), very slightly contaminated
A: venomous fangs, tiny, high MP 1, forlorn, divine attributes
a: End Transformation


You were on level 6 of the Dungeon.
You were a venomous arachnid creature.
You visited 1 branch of the dungeon, and saw 6 of its levels.

You collected 393 gold pieces.
You spent 36 gold pieces at shops.

Inventory:

Hand Weapons
 h - a +1 long sword of holy wrath
Missiles
 g - 18 poisoned darts
Armour
 a - a +2 leather armour of poison resistance
 j - a +1 cloak (melded)
 l - the +2 ring mail of the Grim God (melded) {Dex+5}
   (You found it on level 2 of the Dungeon)

   Dex:       It affects your dexterity (+5).
 n - a +0 pair of gloves (melded)
 o - a +2 helmet of intelligence (melded)
Jewellery
 i - a +6 ring of dexterity (left front leg)
 p - an amulet of guardian spirit (around neck)
Wands
 m - a wand of polymorph (9)
 w - a wand of acid (10)
Scrolls
 d - 3 scrolls of poison
 f - a scroll of teleportation
 s - a scroll of enchant weapon
Potions
 c - 4 potions of curing
 e - a potion of ambrosia
 k - a potion of attraction
 q - a potion of flight
 r - a potion of magic


   Skills:
 + Level 1.0 Fighting
 * Level 6.3 Armour
 * Level 4.4 Dodging
 + Level 0.3 Stealth
 + Level 3.7 Unarmed Combat
 + Level 2.6 Spellcasting
 * Level 2.6 Transmutations
 * Level 1.4 Poison Magic


You had 5 spell levels left.
You knew the following spells:

 Your Spells              Type           Power      Damage    Failure   Level
a - Beastly Appendage     Tmut           24%        N/A       16%         1
b - Spider Form           Tmut/Pois      10%        N/A       41%         3
c - Wereblood             Tmut           12%        N/A       22%         2

Your spell library contained the following spells:

 Spells                   Type           Power      Damage    Failure   Level
 Sublimation of Blood     Necr           2%         N/A       45%         2
 Ignite Poison            Fire/Tmut/Pois 7%         N/A       47%         3
 Mephitic Cloud           Conj/Pois/Air  4%         N/A       58%         3
 Ice Form                 Ice/Tmut       7%         N/A       85%         4
 Freezing Cloud           Conj/Ice/Air   1%         6-21      100%        5
 Summon Hydra             Summ           1%         N/A       100%        7


Dungeon Overview and Level Annotations

Branches:
Dungeon (6/15)             Temple (0/1) D:6

Shops:
D:2 (   D:3 *   D:4 =


Innate Abilities, Weirdness & Mutations

You are a venomous arachnid creature.
You have poisonous fangs.
You are tiny and dextrous.
Your spellcasting is less reliable in this form.
Your armour is entirely melded.
You are incapable of wielding weapons or throwing items.
You have an increased reservoir of magic. (+10% MP)
You shall have no god before yourself.
Your divine heritage dramatically boosts your attributes as you level up.


Message History

Your horns disappear.
Your talons disappear.
Your +2 helmet of intelligence unmelds from your body.
You feel clever. The orc warrior barely misses you.
Unknown command.
Unknown command.
Okay, then.
Casting: Wereblood (safe; 12% risk of failure)
Confirm with . or Enter, or press ? or * to list all spells.
You miscast Spider Form.
You are very lightly contaminated with residual magic.
Multicoloured lights dance before your eyes.
The orc warrior misses you.
Unknown command.
Casting: Spider Form (dangerous; 30% risk of failure)
Confirm with . or Enter, or press ? or * to list all spells.
You turn into a venomous arachnid creature.
Your +1 cloak melds into your body.
Your +2 helmet of intelligence melds into your body.
Your +0 pair of gloves melds into your body.
The +2 ring mail of the Grim God {Dex+5} melds into your body.
You feel stupid. The ice beast hits you. The ice beast freezes you!
* * * LOW HITPOINT WARNING * * *
The orc warrior barely misses you.
You hit the orc warrior.
The orc warrior is poisoned.
The orc warrior is severely wounded.
The ice beast barely misses you. The orc warrior closely misses you.
Unknown command.
You feel much better.
The ice beast hits you but does no damage.
The orc warrior completely misses you.
You hit the ice beast but do no damage. The ice beast hits you.
The ice beast freezes you! The orc warrior closely misses you.
You hit the ice beast but do no damage.
The ice beast is poisoned.
You hiss as the wereblood boils in your veins!
Your primal bloodlust is almost over.
The ice beast barely misses you.
The orc warrior hits you with a +1 scimitar of electrocution!
You die...

###.#
.....#
......#
.......##
........##
.........#
#...Y.)##
#.os))##
###.)..##
##....##
###...##
...#
##...##
#...
###..## ##
.[.#
##..##.##
...# ###
##.....# #.
...####..#
##.....##..


You could see an orc warrior (very poisoned) and an ice beast (poisoned).

Vanquished Creatures
  Duvessa (D:6)
  A black bear (D:5)
  An orc warrior (D:6)
  A centaur (D:5)
  A necrophage (D:4)
  2 scorpions
  Dowan (D:6)
  3 hounds
  2 jellies
  An orc priest (D:3)
  2 iguanas
  4 orc wizards
  Natasha (thrice) (D:2)
  5 adders
  3 gnolls (D:5)
  An ufetubus (D:6)
  17 orcs
  6 bats
  7 endoplasms
  A giant cockroach (D:1)
  4 goblins
  5 hobgoblins
  4 quokkas
  4 ball pythons
  A frilled lizard (D:3)
  8 kobolds
  2 rats
91 creatures vanquished.

Vanquished Creatures (others)
  An orc wizard (D:6)
  2 orcs
  A goblin (D:3)
  2 plants (D:1)
6 creatures vanquished.

Grand Total: 97 creatures vanquished

Notes
Turn   | Place    | Note
-------+----------+-------------------------------------------
     0 | D:1      | Icepheonix32 the Demigod Transmuter began the quest for the
                  | Orb.
     0 | D:1      | Reached XP level 1. HP: 15/15 MP: 5/5
   597 | D:1      | Reached XP level 2. HP: 22/22 MP: 5/7
  1201 | D:2      | Found Ridiussaum's Weapon Shop.
  1268 | D:2      | Identified the +2 ring mail of the Grim God {Dex+5}
  1507 | D:2      | Reached XP level 3. HP: 5/27 MP: 3/8
  1841 | D:2      | Noticed Natasha
  1850 | D:2      | Killed Natasha
  1962 | D:2      | Learned a level 3 spell: Spider Form
  1965 | D:2      | Learned a level 2 spell: Wereblood
  2083 | D:2      | Noticed Natasha
  2091 | D:2      | Killed Natasha
  2092 | D:2      | Reached skill level 1 in Armour
  2092 | D:2      | Reached XP level 4. HP: 15/34 MP: 3/9
  2460 | D:2      | Noticed Natasha
  2471 | D:2      | Killed Natasha
  2472 | D:2      | Reached skill level 2 in Armour
  2800 | D:3      | Found Xudisi's General Store.
  2809 | D:3      | Bought a potion of curing for 36 gold pieces
  2951 | D:3      | Reached skill level 3 in Armour
  2951 | D:3      | Reached XP level 5. HP: 27/39 MP: 4/11
  3737 | D:4      | Reached skill level 4 in Armour
  3981 | D:4      | Found Cymih's Jewellery Shop.
  3997 | D:4      | Reached XP level 6. HP: 46/46 MP: 10/12
  4610 | D:5      | Entered Level 5 of the Dungeon
  4661 | D:5      | Reached skill level 5 in Armour
  4990 | D:5      | Reached XP level 7. HP: 32/51 MP: 6/13
  5803 | D:6      | Reached skill level 6 in Armour
  5930 | D:6      | Found a staircase to the Ecumenical Temple.
  5974 | D:6      | Noticed Dowan
  5975 | D:6      | Noticed Duvessa
  5990 | D:6      | Killed Duvessa
  6009 | D:6      | Killed Dowan
  6010 | D:6      | Reached skill level 1 in Poison Magic
  6102 | D:6      | Reached skill level 1 in Fighting
  6279 | D:6      | Slain by an orc warrior

Illustrated notes

Levels and vault maps discovered:
D:1:      scummos_arrival_hexagon, layout_basic,
          hellmonk_ecumenical_altar_lost_god, serial_bayou_ford_a,
          kennysheep_pointless_box, st_stairs_12
D:2:      layout_basic, serial_shops, nicolae_diamond_shop, basic_altar,
          uniq_natasha
D:3:      layout_basic, serial_shops, nicolae_shop_advertising_works
          [nicolae_subvault_shop_adworks], grunt_ministairs_4
D:4:      layout_loops_ring, mainiacjoe_overflow_small_starburst,
          lemuel_tele_altar, serial_shops, shop,
          hangedman_abyss_or_decor_lesser_grid
D:5:      layout_loops_ring
D:6:      layout_cave_pods, minmay_temple_entry_junction_2, uniq_duvessa

Skill      XL: |  1  2  3  4  5  6  7 |
---------------+----------------------+-----
Unarmed Combat | 3 |  3.7
Spellcasting   | 2 |  2.6
Transmutations | 2 |  2.6
Dodging        | 2 3 4 |  4.4
Armour         | 1 3 4 5 6 |  6.3
Poison Magic   | 1 |  1.4
Fighting       | 1 |  1.0
Stealth        | |  0.3

Action                   |  1- 3 |  4- 6 |  7- 9 || total
-------------------------+-------+-------+-------++-------
Melee: Unarmed           |    70 |   161 |   132 ||   363
       Headbutt          |    10 |    27 |    25 ||    62
       Kick              |     9 |    54 |    33 ||    96
       Punch             |     3 |     2 |     7 ||    12
 Cast: Beastly Appendage |    18 |    26 |    13 ||    57
       Wereblood         |       |     2 |     4 ||     6
       Spider Form       |       |       |     1 ||     1
Evoke: Wand              |       |       |     2 ||     2
  Use: Potion            |     7 |     1 |     2 ||    10
       Scroll            |     2 |     8 |     4 ||    14
 Stab: Invisible         |       |     2 |       ||     2
       Sleeping          |       |     1 |       ||     1
Armor: Robe              |    14 |    20 |       ||    34
       Skin              |     2 |       |     1 ||     3
       Ring mail         |       |    30 |    64 ||    94
Dodge: Dodged            |    33 |   105 |   104 ||   242
